 Dungeon Crawl Stone Soup version 0.18-a0-1303-g41c131c (webtiles) character file.

206 mrath the Digger (level 5, -4/28 HPs)
             Began as a Gargoyle Earth Elementalist on Feb 13, 2016.
             Slain by a gnoll
             ... wielding a +0 trident
              (9 damage)
             ... on level 3 of the Dungeon.
             The game lasted 00:26:11 (3880 turns).

mrath the Digger (Gargoyle Earth Elementalist)      Turns: 3880, Time: 00:26:11

Health: -4/28      AC:  6    Str: 12    XL:     5   Next: 84%
Magic:  2/11       EV: 12    Int: 16    God:
Gold:   201        SH:  0    Dex: 10    Spells: 2 memorised, 9 levels left

rFire  . . .     SeeInvis .     b - 38 stones
rCold  . . .     Gourm    .     a - +0 robe
rNeg   + . .     Faith    .     (no shield)
rPois  ∞         Spirit   .     (no helmet)
rElec  +         Dismiss  .     (no cloak)
rCorr  .         Reflect  .     (no gloves)
SustAt .         Harm     .     (no boots)
MR     .....                    (no amulet)
Stlth  ++........               (no ring)
                                (no ring)

@: not resistant to hostile enchantments, unstealthy
A: negative energy resistance 1, electricity resistance, unbreathing,
petrification resistance, rot immunity, AC +4
a: no special abilities


You were on level 3 of the Dungeon.
You were not hungry.

You visited 1 branch of the dungeon, and saw 3 of its levels.

You collected 201 gold pieces.

Inventory:

Hand Weapons
 n - a +0 whip
 r - a +0 mace
Missiles
 b - 38 stones (in hand)
 e - 9 poisoned needles
 s - 7 sling bullets
Armour
 a - a +0 robe (worn)
Jewellery
 f - a cursed ring of teleportation {unknown}
 u - an uncursed ring of protection from magic {unknown}
Scrolls
 j - 2 scrolls of recharging {unknown}
 k - 3 scrolls of identify {unknown}
 m - a scroll of immolation {unknown}
 o - a scroll of amnesia {unknown}
 q - 2 scrolls of remove curse {unknown}
 v - a scroll of teleportation {unknown}
Potions
 g - a potion of heal wounds
 h - 3 potions of curing
 i - 3 potions of lignification {unknown}
 l - a potion of resistance {unknown}
 p - a potion of cancellation {unknown}
 w - a potion of degeneration {unknown}
 x - a potion of agility {unknown}
Books
 c - a book of Geomancy

   Spells                             Type                      Level
   a - Sandblast                      Earth                        1
   b - Passwall                       Transmutation/Earth          2
   c - Stone Arrow                    Conjuration/Earth            3
   d - Petrify                        Transmutation/Earth          4
   e - Lee's Rapid Deconstruction     Earth                        5
Comestibles
 d - 2 bread rations


   Skills:
 - Level 1.5 Dodging
 - Level 2.1 Stealth
 * Level 4.6 Spellcasting
   Level 0.7 Transmutations
 + Level 5.1 Earth Magic


You had 9 spell levels left.
You knew the following spells:

 Your Spells              Type           Power        Failure   Level  Hunger
a - Sandblast             Erth           ###...       1%          1    None
b - Stone Arrow           Conj/Erth      ##....       17%         3    ###....


Dungeon Overview and Level Annotations

Branches:
Dungeon (3/15)

Altars:

Annotations:
D:3 Terence


Innate Abilities, Weirdness & Mutations

You are resistant to torment.
Your stone body is resilient (AC +4).
You are immune to poison.
You resist negative energy.
You are resistant to electric shocks.
You can survive without breathing.
You are immune to petrification.
You are immune to rotting.


Message History

Casting: Sandblast
Confirm with . or Enter, or press ? or * to list all spells.
Aiming: Sandblast
Press: ? - help, Shift-Dir - straight line, f/p - Terence
Aim: Terence, wielding a flail and wearing a chain mail (moderately wounded)
The rocky blast hits Terence.
Terence is moderately wounded.
Terence misses you. The gnoll barely misses you.
All of the chunks of flesh in your inventory have rotted away.
Casting: Sandblast
Confirm with . or Enter, or press ? or * to list all spells.
Aiming: Sandblast
Press: ? - help, Shift-Dir - straight line, f/p - Terence
Aim: Terence, wielding a flail and wearing a chain mail (moderately wounded)
The rocky blast hits Terence.
Terence is heavily wounded.
Terence screams, "I want your blood!" Terence hits you but does no damage.
The gnoll hits you from afar with a trident!
You die...

.##........#..........###...#####
.##........#.#.#.#........>......
.##........#..[....#.............
.##..............###.............
.##.......##.###.....####...#####
###.......##.....##### #...#
################g# #...#
......######## #@# #...#
#####.#).....# #@# #...#
####.#.####.###)###### ##.##
#....#.####<##.......## #.####
#.##.#.#........####..###....#
#......#.##.##..# #.#.###...###
#.#.#....##.##..# ..###.........
#...........##..#.## #.###...###
#.#.#.########... ... #....#
#.....# ##........ #.###...


You could see Terence and a gnoll.

Vanquished Creatures
  10 gnolls
  3 adders
  An ooze (D:1)
  A worm (D:2)
  3 giant geckos
  An orc (D:3)
  4 bats
  2 giant cockroaches (D:2)
  8 goblins
  11 hobgoblins
  3 jackals (D:2)
  11 kobolds
  A quokka (D:3)
  A giant newt (D:2)
  12 rats
72 creatures vanquished.

Notes
Turn   | Place    | Note
--------------------------------------------------------------
     0 | D:1      | mrath the Gargoyle Earth Elementalist began the quest for the Orb.
     0 | D:1      | Reached XP level 1. HP: 10/10 MP: 3/3
   198 | D:1      | Reached XP level 2. HP: 12/15 MP: 0/5
   747 | D:1      | Reached skill level 4 in Earth Magic
   924 | D:1      | Reached XP level 3. HP: 10/19 MP: 5/7
  1593 | D:2      | Reached XP level 4. HP: 24/24 MP: 5/9
  2474 | D:2      | Learned a level 3 spell: Stone Arrow
  2755 | D:2      | Reached XP level 5. HP: 11/28 MP: 0/11
  3286 | D:3      | Reached skill level 5 in Earth Magic
  3382 | D:3      | Noticed Terence
  3880 | D:3      | Slain by a gnoll

Vault maps used:
D:1:      tarquinn_simple_flora_water_e
D:3:      lemuel_crystal_altar, lemuel_doored_altar, serial_glass,
          glass_columns_a, glass_columns_b, feat_on_display,
          minmay_strange_pillars, uniq_terence

Action                   |  1- 3 |  4- 6 || total
-------------------------+-------+-------++-------
Melee: Dagger            |     2 |       ||     2
       Whip              |    17 |    10 ||    27
 Cast: Sandblast         |    49 |   105 ||   154
       Stone Arrow       |       |     3 ||     3
  Use: Potion            |       |     1 ||     1
 Stab: Sleeping          |     1 |     1 ||     2
  Eat: Chunk             |     1 |     8 ||     9
